 Dungeon Crawl Stone Soup version 0.27-a0-1144-g0b7d3b79db (webtiles) character file.

Game seed: 4512826161525235153

79 leviel the Skirmisher (level 4, 0/40 HPs)
             Began as a Minotaur Fighter on May 10, 2021.
             Succumbed to a scorpion's poison
             ... on level 2 of the Dungeon.
             The game lasted 00:01:10 (936 turns).

leviel the Skirmisher (Minotaur Fighter)             Turns: 936, Time: 00:01:11

Health: 0/40       AC:  8    Str: 21    XL:     4   Next: 16%
Magic:  3/3        EV:  7    Int:  5    God:
Gold:   72         SH:  9    Dex: 10    Spells: 3/3 levels left

rFire    . . .     SeeInvis .   a - +0 war axe
rCold    . . .     Faith    .   c - +0 kite shield
rNeg     . . .     Spirit   .   b - +0 scale mail
rPois    .         Reflect  .   (helmet restricted)
rElec    .         Harm     .   (no cloak)
rCorr    .         Rampage  .   j - +0 pair of gloves
Will     .....                  (no boots)
Stlth    ..........             (no amulet)
HPRegen  0.13/turn              (no ring)
MPRegen  0.08/turn              (no ring)

@: mighty, lethally poisoned (0 -> -4)
A: horns 2, retaliatory headbutt
a: no special abilities


You were on level 2 of the Dungeon.
You visited 1 branch of the dungeon, and saw 2 of its levels.

You collected 72 gold pieces.

Inventory:

Hand Weapons
 a - a +0 war axe (weapon)
Missiles
 f - 3 atropa-tipped darts (quivered)
Armour
 b - a +0 scale mail (worn)
 c - a +0 kite shield (worn)
 j - a +0 pair of gloves (worn)
Scrolls
 e - a scroll of teleportation {unknown}
 g - a scroll of identify {unknown}
 i - a scroll of magic mapping {unknown}
Potions
 d - a potion of might
 h - a potion of heal wounds {unknown}


   Skills:
 + Level 4.3 Fighting
 + Level 3.6 Axes
 + Level 4.1 Armour
 + Level 0.2 Dodging
 + Level 4.3 Shields


You had 3 spell levels left.
You didn't know any spells.
Your spell library was empty.

Dungeon Overview and Level Annotations

Branches:
Dungeon (2/15)

Altars:


Innate Abilities, Weirdness & Mutations

You have a pair of horns on your head.
You reflexively headbutt those who attack you in melee.


Message History

You block the rat's attack. The rat bites you but does no damage.
You barely miss the rat. Your headbutt misses the rat.
You block the rat's attack.
You closely miss the rat. You headbutt the rat.
You kill the rat!
The adder bites you but does no damage.
You closely miss the adder. You headbutt the adder!
You kill the adder!
The scorpion stings you but does no damage.
You hit the scorpion but do no damage. The scorpion stings you!
You barely miss the scorpion. Your headbutt misses the scorpion.
The scorpion stings you. x2
You hit the scorpion but do no damage. The scorpion stings you.
The scorpion misses you.
You feel very mighty all of a sudden. You block the scorpion's attack.
You slash the scorpion!
The scorpion is heavily wounded.
The scorpion stings you.
You are poisoned.
The scorpion poisons you! The scorpion stings you.
You closely miss the scorpion.
The scorpion is heavily wounded.
You feel very sick. The scorpion stings you.
* * * LOW HITPOINT WARNING * * *
The scorpion closely misses you.
You slash the scorpion!
The scorpion is almost dead.
You feel sick. The scorpion stings you.
* * * LOW HITPOINT WARNING * * *
The scorpion stings you but does no damage.
You hit the scorpion but do no damage.
The scorpion is almost dead.
* * * LOW HITPOINT WARNING * * *
You feel sick. The scorpion stings you.
* * * LOW HITPOINT WARNING * * *
You slash the scorpion!
You kill the scorpion!
You die...

######## #......#
####### #......#
.......
#......#####.......
#........@†'.......
#....†.#####.......
####.### .......
####'#### .....>.
#.......# .......
#.......# .####.#
#.......# .# #.#
#.......# .# #.#
#.......####.# #.#


There were no monsters in sight!

Vanquished Creatures
  A scorpion (D:2)
  A howler monkey (D:2)
  An adder (D:2)
  2 dart slugs (D:1)
  3 bats
  2 endoplasms (D:1)
  A giant cockroach (D:1)
  2 goblins (D:1)
  3 hobgoblins
  5 jackals
  3 quokkas
  A ball python (D:2)
  A frilled lizard (D:2)
  A kobold (D:1)
  4 rats
31 creatures vanquished.

Notes
Turn   | Place    | Note
-------+----------+-------------------------------------------
     0 | D:1      | leviel the Minotaur Fighter began the quest for the Orb.
     0 | D:1      | Reached XP level 1. HP: 19/19 MP: 0/0
   198 | D:1      | Reached XP level 2. HP: 12/27 MP: 1/1
   844 | D:2      | Noticed a howler monkey
   849 | D:2      | Killed a howler monkey
   850 | D:2      | Reached XP level 3. HP: 32/33 MP: 2/2
   906 | D:2      | Reached XP level 4. HP: 40/40 MP: 3/3
   919 | D:2      | Noticed a scorpion
   935 | D:2      | HP: 1/40 [scorpion (3)]
   936 | D:2      | Killed a scorpion
   936 | D:2      | Succumbed to a scorpion's poison

Illustrated notes

Levels and vault maps discovered:
D:1:      minmay_arrival_open_corners, layout_basic
D:2:      layout_basic

Skill      XL: |  1  2 |
---------------+-------+-----
Shields        | 4 |  4.3
Fighting       | 4 |  4.3
Armour         | 4 |  4.1
Axes           | 3 |  3.6
Dodging        | |  0.2

Action                   |  1- 3 |  4- 6 || total
-------------------------+-------+-------++-------
Melee: War axe           |    61 |    14 ||    75
       Headbutt          |     9 |     2 ||    11
  Use: Potion            |     1 |     1 ||     2
Armor: Scale mail        |    34 |     6 ||    40
Dodge: Dodged            |    12 |     2 ||    14
Block: Kite shield       |    36 |     4 ||    40

Table legend: (Time is in decaauts)
 A = Elapsed time spent in this place.
 B = Non-inter-level travel time spent in this place.
 C = Inter-level travel time spent in this place.
 D = Time resting spent in this place.
 E = Time spent auto-exploring this place.
 F = Levels seen in this place.
 G = Mean time per level.
                   A        B        C        D        E       F      G
               +--------+--------+--------+--------+--------+-----+--------+
         Total |    977 |    933 |     44 |    145 |    613 |   2 |  488.5 |
       Dungeon |    977 |    933 |     44 |    145 |    613 |   2 |  488.5 |
               +--------+--------+--------+--------+--------+-----+--------+

Top non-repeatable levels by time:
     D:1: 855 daAuts
     D:2: 122 daAuts
